 Dungeon Crawl Stone Soup version 0.21.1-1-g345015f (webtiles) character file.

156 pk666 the Magician (level 5, -1/28 HPs)
             Began as a Deep Elf Wizard on Feb 16, 2018.
             Killed by divine providence
             ... invoked by an orc priest
              (16 damage)
             ... on level 3 of the Dungeon.
             The game lasted 00:04:30 (2641 turns).

pk666 the Magician (Deep Elf Wizard)                Turns: 2641, Time: 00:04:31

Health: -1/28      AC:  2    Str:  4    XL:     5   Next: 14%
Magic:  10/23      EV: 14    Int: 24    God:
Gold:   97         SH:  5    Dex: 16    Spells: 5/14 levels left

rFire    . . .     SeeInvis .   i - +0 dagger
rCold    . . .     Gourm    .   (no shield)
rNeg     . . .     Faith    .   a - +0 robe
rPois    .         Spirit   .   b - +0 hat
rElec    .         Reflect  +   (no cloak)
rCorr    .         Harm     .   (no gloves)
MR       .....                  (no boots)
Stlth    ++........             m - +5 amulet of reflection
HPRegen  0.09/turn              p - ring of magical power
MPRegen  0.18/turn              r - +3 ring of dexterity

@: no status effects
A: no striking features
a: no special abilities


You were on level 3 of the Dungeon.
You were not hungry.

You visited 1 branch of the dungeon, and saw 3 of its levels.

You collected 97 gold pieces.

Inventory:

Hand Weapons
 i - a +0 dagger (weapon)
Armour
 a - a +0 robe (worn)
 b - a +0 hat (worn)
Jewellery
 m - a +5 amulet of reflection (around neck)
 p - a ring of magical power (left hand)
 r - a +3 ring of dexterity (right hand)
Scrolls
 e - 2 scrolls of magic mapping {unknown}
 g - 6 scrolls of identify {unknown}
 j - 2 scrolls of remove curse {unknown}
 k - a scroll of teleportation {unknown}
 l - 2 scrolls of blinking {unknown}
 n - a scroll of enchant weapon {unknown}
Potions
 f - 3 potions of curing {unknown}
 h - a potion of brilliance {unknown}
 o - a potion of degeneration {unknown}
 q - a potion of might {unknown}
 t - a potion of lignification {unknown}
Books
 c - a book of Minor Magic

   Spells                             Type                      Level
   a - Magic Dart                     Conjuration                  1
   b - Blink                          Translocation                2
   c - Call Imp                       Summoning                    2
   d - Slow                           Hexes                        2
   e - Conjure Flame                  Conjuration/Fire             3
   f - Mephitic Cloud                 Conjuration/Poison/Air       3
Comestibles
 d - 6 rations
 s - a chunk of flesh


   Skills:
 + Level 3.5 Dodging
 - Level 2.4 Stealth
 * Level 5.4 Spellcasting
 * Level 2.7 Conjurations
   Level 1.1 Summonings
 - Level 1.1 Translocations
 * Level 1.5 Fire Magic
 * Level 1.4 Air Magic
 * Level 1.5 Poison Magic


You had 5 spell levels left.
You knew the following spells:

 Your Spells              Type           Power        Failure   Level  Hunger
a - Magic Dart            Conj           ###.         2%          1    None
b - Blink                 Tloc           N/A          9%          2    None
d - Conjure Flame         Conj/Fire      ###.....     11%         3    #......
z - Mephitic Cloud        Conj/Pois/Air  ###.....     12%         3    #......


Dungeon Overview and Level Annotations

Branches:
Dungeon (3/15)

Altars:
Nemelex Xobeh

Annotations:
D:3 2 transporters


Message History

Aim: an orc, wielding a hand axe and wearing a chain mail The magic dart hits the orc wizard.
The orc wizard is moderately wounded.
The orc wizard hits you with a dagger.
The orc priest begins to cast a cantrip, but forgets the words!
You block the orc wizard's attack.
The orc priest mumbles some strange prayers to Beogh against you.
Beogh smites you!
The orc wizard casts a spell.
The orc wizard flickers and vanishes!
Deactivating autopickup; reactivate with Ctrl-A.
Casting: Magic Dart
Confirm with . or Enter, or press ? or * to list all spells.
Aiming: Conjure Flame
Press: ? - help, Dir - move target cursor, p - orc The fire ignites!
The orc priest invokes the aid of Beogh against you.
Beogh smites you!
Ouch! That really hurt!
You die...

# .# ######## ..# ###......#
...#
..#......############....##
................@ยง{ooo....$
..#.......###########o.....
..#...#.....# ###..
....#.......# ...###......#
..#####.....##
.#'#.###.....#
###._.###....#
.#'#.###...[.#


You could see an orc priest and 3 orcs.

Vanquished Creatures
  A necrophage (D:2)
  A gnoll (D:1)
  An adder (D:2)
  3 dart slugs
  A leopard gecko (D:2)
  2 ball pythons (D:3)
  4 giant cockroaches
  5 goblins
  7 hobgoblins
  6 bats
  3 frilled lizards
  5 kobolds
  3 rats
42 creatures vanquished.

Notes
Turn   | Place    | Note
-------+----------+-------------------------------------------
     0 | D:1      | pk666 the Deep Elf Wizard began the quest for the Orb.
     0 | D:1      | Reached XP level 1. HP: 10/10 MP: 7/7
   118 | D:1      | Reached XP level 2. HP: 15/15 MP: 0/9
   898 | D:1      | Reached XP level 3. HP: 19/19 MP: 9/11
   902 | D:1      | Learned a level 2 spell: Blink
   906 | D:1      | Learned a level 3 spell: Mephitic Cloud
   910 | D:1      | Learned a level 3 spell: Conjure Flame
  1063 | D:2      | Noticed a necrophage
  1358 | D:2      | Reached skill level 5 in Spellcasting
  1826 | D:2      | Killed a necrophage
  1826 | D:2      | Reached skill level 1 in Fire Magic
  1826 | D:2      | Reached skill level 1 in Air Magic
  1826 | D:2      | Reached skill level 1 in Poison Magic
  1826 | D:2      | Reached XP level 4. HP: 19/24 MP: 3/13
  1826 | D:2      | Reached XP level 5. HP: 23/28 MP: 3/14
  2389 | D:3      | Found a sparkling altar of Nemelex Xobeh.
  2409 | D:3      | Found a transporter.
  2424 | D:3      | Found a transporter.
  2641 | D:3      | Killed from afar by an orc priest

Skill      XL: |  1  2  3 |
---------------+----------+-----
Dodging        | 3 |  3.5
Conjurations   | 2 |  2.7
Spellcasting   | 5 |  5.4
Fire Magic     | 1 |  1.5
Air Magic      | 1 |  1.4
Poison Magic   | 1 |  1.5
Stealth        | |  2.4
Summonings     | |  1.1
Translocations | |  1.1

Action                   |  1- 3 |  4- 6 || total
-------------------------+-------+-------++-------
 Cast: Magic Dart        |    89 |    38 ||   127
       Conjure Flame     |     2 |     1 ||     3
       Blink             |     1 |       ||     1
  Eat: Ration            |     1 |       ||     1
       Chunk             |       |     2 ||     2
Dodge: Dodged            |    12 |     1 ||    13
Block: Other             |       |     2 ||     2
